 Dungeon Crawl Stone Soup version 0.22-a0-525-gf69a080 (webtiles) character file.

2363 kae the Insei (level 9, 0/74 HPs)
             Began as a Red Draconian Transmuter on June 21, 2018.
             Slain by an orc warrior
             ... wielding a +0 trident
              (10 damage)
             ... on level 7 of the Dungeon.
             The game lasted 00:09:18 (8932 turns).

kae the Insei (Red Draconian Transmuter)            Turns: 8932, Time: 00:09:19

Health: 0/74       AC: 10    Str: 13    XL:     9   Next: 21%
Magic:  15/15      EV: 14    Int: 17    God:
Gold:   431        SH:  3    Dex: 15    Spells: 11/17 levels left

rFire    + . .     SeeInvis .     - Unarmed
rCold    + . .     Gourm    .   (no shield)
rNeg     . . .     Faith    .   (armour unavailable)
rPois    .         Spirit   .   (helmet restricted)
rElec    .         Reflect  +   i - +2 cloak
rCorr    .         Harm     .   (no gloves)
MR       .....                  (no boots)
Stlth    +.........             b - +3 amulet of reflection
HPRegen  0.22/turn              j - +4 ring of intelligence
MPRegen  0.14/turn              u - ring of protection from cold

@: no status effects
A: breathe fire, unfitting armour, fire resistance 1, cold-blooded, AC +7
a: Breathe Fire


You were on level 7 of the Dungeon.
You were hungry.

You visited 1 branch of the dungeon, and saw 7 of its levels.
You also visited: Ossuary.

You collected 431 gold pieces.

Inventory:

Missiles
 a - 99 arrows
Armour
 i - a +2 cloak (worn)
Jewellery
 b - a +3 amulet of reflection (around neck)
 j - a +4 ring of intelligence (left hand)
 p - an uncursed ring of flight
 s - an uncursed amulet of the gourmand
 u - a ring of protection from cold (right hand)
 v - an uncursed ring of fire {unknown}
Wands
 r - a wand of random effects (46)
 t - a wand of paralysis (24)
 w - a wand of flame (13)
Scrolls
 d - 7 scrolls of remove curse
 e - 2 scrolls of immolation
 g - 2 scrolls of enchant weapon
 h - 4 scrolls of teleportation
 n - 2 scrolls of enchant armour
 o - a scroll of amnesia
 y - a scroll of vulnerability {unknown}
 z - a scroll of magic mapping
 B - a scroll of fear
Potions
 f - 4 potions of curing
 k - 2 potions of invisibility
 l - 2 potions of flight
 m - 2 potions of degeneration {unknown}
 q - a potion of resistance {unknown}
 x - 2 potions of magic {unknown}
Comestibles
 c - 8 rations


   Skills:
 + Level 5.0 Fighting
 + Level 4.4 Dodging
 * Level 7.3 Unarmed Combat
 + Level 4.6 Spellcasting
 * Level 6.9 Transmutations


You had 11 spell levels left.
You knew the following spells:

 Your Spells              Type           Power        Failure   Level  Hunger
a - Beastly Appendage     Tmut           ####..       1%          1    None
b - Sticks to Snakes      Tmut           ####....     1%          2    ##.....
c - Spider Form           Tmut/Pois      ###.......   11%         3    ###....

Your spell library contained the following spells:

 Spells                   Type           Power        Failure   Level  Hunger
 Blade Hands              Tmut           ####......   24%         5    ######.
 Ice Form                 Ice/Tmut       ###.....     34%         4    ####...


Dungeon Overview and Level Annotations

Branches:
Dungeon (7/15)
 Temple: D:4-7

Altars:
Elyvilon
Gozag
Hepliaklqana
Trog
Vehumet
Xom
The Shining One


Innate Abilities, Weirdness & Mutations

You can breathe blasts of fire.
Your fiery red scales are hard. (AC +7)
You cannot fit into any form of body armour.
Your flesh is heat resistant. (rF+)
You are cold-blooded and may be slowed by cold attacks.


Message History

The orc warrior is almost dead.
The orc warrior closely misses you.
You closely miss the orc warrior.
You tail-slap the orc warrior, but do no damage.
The orc warrior is almost dead.
The orc warrior hits you with a trident!
You barely miss the orc warrior.
Your tail-slap misses the orc warrior.
The orc warrior is almost dead.
The orc warrior completely misses you.
You closely miss the orc warrior.
You tail-slap the orc warrior, but do no damage.
The orc warrior is almost dead.
You hit the orc warrior but do no damage.
The orc warrior is almost dead.
The orc warrior hits you with a trident!!
* * * LOW HITPOINT WARNING * * *
You feel better.
You have got your breath back.
The orc warrior hits you with a trident!
You die...

######o.....########.#######
#....)#######...####.#......
#.....#............>.#(.....
#.....#..............#......
#.....#..............#......
#.....#.))...........#......
#.....#'##.###+###'###......
#........#o##...#.........##
#........#<@....#.........#.
#........#......#.........#.
#........#......#.........#.
#........#......'....[....#.
#........#......#.........#.
#........#......#.........#.
#........#......#.........#.
#........########...........
######.............#'####...


You could see an orc warrior.

Vanquished Creatures
  A hungry ghost (D:7)
  Menkaure (D:7)
  A water moccasin (D:7)
  3 ice beasts
  A necrophage (D:7)
  2 ogres
  2 centaurs
  A bullfrog (D:7)
  A scorpion (D:3)
  A howler monkey (D:6)
  4 wights
  2 crimson imps (D:6)
  2 human zombies (Ossuary)
  A jelly (D:5)
  3 centaur zombies
  A centaur skeleton (D:7)
  2 orc priests
  2 bullfrog skeletons
  3 hounds
  Jessica (D:3)
  Ijyb (D:4)
  4 worker ants
  A hound skeleton (D:4)
  2 mummies (Ossuary)
  2 gnolls (D:2)
  A howler monkey skeleton (D:6)
  9 adders
  A shadow imp (D:7)
  An ooze (D:2)
  2 worms
  A dart slug (D:1)
  6 leopard geckos
  11 orcs
  7 giant cockroaches
  11 goblins
  10 hobgoblins
  14 jackals
  2 quokkas (D:6)
  5 ball pythons
  7 bats
  7 frilled lizards
  3 goblin zombies (Ossuary)
  7 hobgoblin zombies (Ossuary)
  A jackal zombie (Ossuary)
  6 kobolds
  10 kobold zombies (Ossuary)
  A leopard gecko zombie (D:6)
  9 orc zombies (Ossuary)
  A quokka skeleton (D:5)
  5 rats
  2 rat zombies (Ossuary)
185 creatures vanquished.

Vanquished Creatures (collateral kills)
  A bullfrog (D:6)
  A wight (D:6)
  2 gnolls (D:2)
  An adder (D:5)
  An adder skeleton (D:7)
  2 worms
  A jackal (D:3)
  A goblin (D:3)
  A rat (D:3)
11 creatures vanquished.

Grand Total: 196 creatures vanquished

Notes
Turn   | Place    | Note
-------+----------+-------------------------------------------
     0 | D:1      | kae the Draconian Transmuter began the quest for the Orb.
     0 | D:1      | Reached XP level 1. HP: 16/16 MP: 3/3
   180 | D:1      | Reached XP level 2. HP: 23/23 MP: 5/5
   322 | D:1      | Learned a level 2 spell: Sticks to Snakes
   392 | D:1      | Found a glowing golden altar of the Shining One.
   838 | D:1      | Reached XP level 3. HP: 28/28 MP: 6/6
  1709 | D:2      | Reached XP level 4. HP: 33/36 MP: 7/7
  2921 | D:3      | Reached skill level 4 in Unarmed Combat
  2928 | D:3      | Reached XP level 5. HP: 38/41 MP: 6/8
  2943 | D:3      | Learned a level 3 spell: Spider Form
  3086 | D:3      | Noticed Jessica
  3101 | D:3      | Killed Jessica
  3517 | D:4      | Found a sand-covered staircase.
  3592 | Ossuary  | Entered an ossuary
  3752 | Ossuary  | Reached XP level 6. HP: 23/50 MP: 7/10
  4662 | D:4      | Found a bloodstained altar of Trog.
  5074 | D:4      | Noticed Ijyb
  5091 | D:4      | Killed Ijyb
  5250 | D:5      | Entered Level 5 of the Dungeon
  5401 | D:5      | Reached skill level 5 in Unarmed Combat
  5509 | D:5      | Your scales start taking on a fiery red colour.
  5509 | D:5      | Reached XP level 7. HP: 57/57 MP: 9/11
  5509 | D:5      | Gained mutation: Your flesh is heat resistant. (rF+) [Red Draconian growth]
  5716 | D:5      | Found a radiant altar of Vehumet.
  5716 | D:5      | Found a white marble altar of Elyvilon.
  6462 | D:5      | Reached skill level 5 in Transmutations
  6642 | D:6      | Found a hazy altar of Hepliaklqana.
  6642 | D:6      | Found a shimmering altar of Xom.
  6741 | D:6      | Found a bloodstained altar of Trog.
  6770 | D:6      | Reached XP level 8. HP: 66/66 MP: 13/13
  6924 | D:6      | Reached skill level 6 in Unarmed Combat
  7174 | D:6      | Found an opulent altar of Gozag.
  8260 | D:7      | Found a radiant altar of Vehumet.
  8320 | D:7      | Reached skill level 7 in Unarmed Combat
  8371 | D:7      | Reached XP level 9. HP: 60/73 MP: 15/15
  8467 | D:7      | Noticed Menkaure
  8636 | D:7      | Killed Menkaure
  8701 | D:7      | Reached skill level 5 in Fighting
  8932 | D:7      | Slain by an orc warrior

Vault maps used:
D:1:      lightli_arrival_maybe_door_vault, tso_metal_star
D:3:      first_ration, saegor_snake_ambush, uniq_jessica
D:4:      kennysheep_goblin_castle, enter_ossuary_3, trog_book
D:5:      gammafunk_temple_overflow_pools, eino_small_chamber_without_monster,
          minmay_misc_feat_encased, serial_bayou_lake_a
D:6:      old_standard_altar, grunt_temple_overflow_open
D:7:      lemuel_temple_firewalk_b, basic_altar, uniq_menkaure
Ossuary:  ossuary_tomb_1

Skill      XL: |  1  2  3  4  5  6  7  8  9 |
---------------+----------------------------+-----
Dodging        | 2 3 4 |  4.4
Fighting       | 2 3 4 5 |  5.0
Transmutations | 3 4 5 6 |  6.9
Unarmed Combat | 4 5 7 |  7.3
Spellcasting   | 3 4 |  4.6

Action                   |  1- 3 |  4- 6 |  7- 9 || total
-------------------------+-------+-------+-------++-------
Melee: Unarmed           |   149 |   371 |   282 ||   802
       Tailslap          |    17 |    54 |    32 ||   103
       Kick              |     6 |     8 |    13 ||    27
       Headbutt          |     4 |    10 |     2 ||    16
       Punch             |       |     9 |     5 ||    14
 Cast: Beastly Appendage |     7 |    11 |     7 ||    25
       Sticks to Snakes  |     4 |    14 |    10 ||    28
       Spider Form       |       |     3 |     6 ||     9
 Abil: Breathe Fire      |       |       |    10 ||    10
  Use: Scroll            |       |     8 |     3 ||    11
       Potion            |       |     5 |     1 ||     6
  Eat: Chunk             |     3 |     7 |    15 ||    25
       Ration            |       |     2 |       ||     2
Armor: Skin              |    40 |   118 |    67 ||   225
Dodge: Dodged            |   111 |   287 |   153 ||   551
Block: Other             |       |    25 |    29 ||    54
       Reflection        |       |     1 |       ||     1

Table legend:
 A = Spawn XP
 B = Non-spawn XP
 C = Spawn XP percentage of total XP
 D = Spawn monster count
 E = Non-spawn monster count
 F = Spawn count percentage of total count
 G = Total turns spent on level
                    A         B        C        D         E        F      G
               +---------+---------+-------+---------+---------+-------+---------
         Total |       0 |    3377 |   0.0 |       0 |     196 |   0.0 |  8932
               +---------+---------+-------+---------+---------+-------+---------
           D:1 |       0 |      47 |   0.0 |       0 |      27 |   0.0 |  1268
           D:2 |       0 |     127 |   0.0 |       0 |      25 |   0.0 |  1408
           D:3 |       0 |     119 |   0.0 |       0 |      22 |   0.0 |   771
           D:4 |       0 |     117 |   0.0 |       0 |      22 |   0.0 |  1004
           D:5 |       0 |     423 |   0.0 |       0 |      15 |   0.0 |  1258
           D:6 |       0 |     975 |   0.0 |       0 |      23 |   0.0 |  1458
           D:7 |       0 |    1325 |   0.0 |       0 |      24 |   0.0 |   966
       Ossuary |       0 |     244 |   0.0 |       0 |      38 |   0.0 |   799
               +---------+---------+-------+---------+---------+-------+---------
